Map: Newkirk Precinct TE (Void)

Players

Railgan

  • Race: Zerg Zerg
  • League: Master
  • Spawn Location: 7:00

LeFaucheur - Winner!

  • Race: Zerg Zerg
  • League: Grandmaster
  • Spawn Location: 5:00

VOD

Have the link to the VOD?

Description

Time

  • Played on: March 1, 2017, 2:54 p.m.
  • Length: 4:06
Show
View Real Time Build Order
Export as new Build Order

Railgan Zerg 

Build Orders: Hatch First 

Get SALT Encoding   

  12  0:01  Drone  
  13  0:13  Overlord  
  13  0:19  Drone  
  14  0:31  Drone x2  
  14  0:35  Drone  
  17  0:47  Drone  
  18  0:57  Hatchery  
  18  0:59  Drone  
  18  1:02  Extractor  
  17  1:15  Spawning Pool  
  16  1:20  Drone  
  16  1:21  Drone  
  18  1:28  Drone  
  19  1:39  Overlord  
  19  2:01  Queen  
  19  2:02  Zergling x4  
  19  2:06  Spine Crawler  
  19  2:07  Spine Crawler  
  21  2:13  Spine Crawler  
  22  2:16  Zergling x4  
  22  2:19  Spine Crawler  
  21  2:32  Baneling Nest  
  21  2:34  Zergling x2  
  21  2:40  Queen  
  21  2:43  Zergling x2  
  25  2:54  Queen  
  27  3:11  Zergling x2  
  26  3:16  Zergling x2  
  26  3:18  Zergling x2  
  26  3:19  Zergling x2  
  27  3:27  Queen  
  27  3:28  Zergling x4  
  31  3:34  Zergling x4  
Show
View Real Time Build Order
Export as new Build Order

LeFaucheur Zerg - Winner!

Build Orders: Pool Only 

Get SALT Encoding   

  12  0:19  Spawning Pool  
  11  0:24  Drone  
  11  0:28  Drone  
  13  0:33  Drone  
  14  0:38  Extractor  
  13  0:44  Overlord  
  13  1:06  Zergling x4  
  13  1:08  Zergling x2  
  16  1:13  Queen  
  18  1:20  Zergling x2  
  19  1:30  Zergling x2  
  20  1:40  Metabolic Boost  
  20  1:42  Zergling x2  
  21  1:52  Overlord  
  21  1:59  Baneling Nest  
  20  2:05  Zergling x2  
  21  2:17  Zergling x2  
  22  2:29  Zergling x6  
  25  2:41  Zergling x2  
  26  2:50  Baneling x3  
  26  2:51  Baneling  
  26  2:55  Zergling x4  
  26  2:58  Baneling  
  28  3:01  Zergling x2  
  28  3:13  Baneling  
  28  3:14  Zergling x2  
  28  3:17  Overlord  
  28  3:32  Drone x2  
  26  3:51  Drone x3  
Tags
 
Add a new tag
Caveats
  • Supply blocks, unpowered buildings, or Contaminate may cause inaccurate times.
  • Supply counts are checked every 10 seconds.